[Event "Team 45 45 League T92"]
[Site "Internet Chess Club"]
[Date "2022.04.24"]
[Round "2"]
[White "nosir"]
[Black "julesraider"]
[Result "0-1"]
[WhiteElo "1332"]
[BlackElo "1617"]
[Opening "Queen's pawn: London system"]
[ECO "A45"]
[Time "14:00:22"]
[PlyCount "176"]
[TimeControl "2700+45"]

1. d4 Nf6 2. Bf4 g6 3. c3 Bg7 4. Nf3 b6 5. Nbd2 Bb7 6. e3 O-O 7. Bd3 d6 8. e4
Nbd7 9. Qe2 e5 10. dxe5 Nh5 11. Be3 Nxe5 12. Nxe5 dxe5 13. O-O Nf4 14. Bxf4 exf4
15. Rad1 Qe7 16. Ba6 Bc6 17. Bb5 Bb7 18. Ba6 c5 19. Bxb7 Qxb7 20. Nc4 Rad8 21.
f3 b5 22. Nd6 Qb6 23. Nxb5 a6 24. Na3 Rb8 25. Rd2 Rfd8 26. Rfd1 Bf8 27. Nc4 Qc7
28. Rxd8 Rxd8 29. Rxd8 Qxd8 30. Qd2 Qc7 31. Qd5 a5 32. Qe5 Qd7 33. Qxf4 Qd1+ 34.
Kf2 Qa4 35. Ne5 Qxa2 36. c4 Qxb2+ 37. Kg3 Qb7 38. Qd2 Qc7 39. f4 Bd6 40. Nd3 h5
41. e5 Be7 42. Qe3 Qc8 43. h3 Qc6 44. Qf3 Qb6 45. Qa8+ Kg7 46. Qe8 Bf8 47. Qb5
Qa7 48. Qb2 a4 49. e6+ f6 50. h4 a3 51. Qa2 Bd6 52. Kf2 Bc7 53. g3 Ba5 54. Nc1
Bc3 55. Qe2 Kf8 56. Kf3 Ke7 57. Qd3 Qb7+ 58. Ke2 Qg2+ 59. Kd1 Bd4 60. Qxa3 Qf1+
61. Kc2 Qxc4+ 62. Kb1 Kxe6 63. Qf3 Qb4+ 64. Kc2 Qb2+ 65. Kd1 Qc3 66. Qe4+ Kd7
67. Qb7+ Kd6 68. Qb6+ Ke7 69. Qb7+ Ke6 70. Qc8+ Kd6 71. Qd8+ Kc6 72. Qc8+ Kb6
73. Qb8+ Ka6 74. Qa8+ Kb5 75. Qb8+ Ka4 76. Qa8+ Qa5 77. Qc6+ Kb4 78. Qb7+ Qb5
79. Qd5 Qa4+ 80. Kd2 Bc3+ 81. Ke2 Qc2+ 82. Kf3 Qxc1 83. Qb7+ Ka4 84. Qc6+ Kb3
85. Qb5+ Bb4 86. Ke4 Qc4+ 87. Qxc4+ Kxc4 88. Kf3 Kd3 {White resigns} 0-1

[Event "Team 45 45 League T92"]
[Site "Internet Chess Club"]
[Date "2022.04.27"]
[Round "2"]
[White "Toalla"]
[Black "g8wrb"]
[Result "0-1"]
[WhiteElo "1114"]
[BlackElo "1301"]
[Opening "Catalan opening"]
[ECO "E00"]
[Time "12:01:09"]
[PlyCount "110"]
[TimeControl "2700+45"]

1. d4 e6 2. c4 Nf6 3. g3 c5 4. Bg2 d5 5. cxd5 exd5 6. Bg5 cxd4 7. Qxd4 Qa5+ 8.
Bd2 Qb5 9. a4 Qc6 10. Nc3 Bc5 11. Qe5+ Be6 12. Bf4 Nbd7 13. Qc7 O-O 14. Qxc6
bxc6 15. e3 Rfe8 16. Nge2 Rac8 17. O-O Nh5 18. Rfe1 Nxf4 19. Nxf4 Rb8 20. Nxe6
Rxe6 21. Rab1 Nf6 22. Bh3 Re7 23. Bg2 a5 24. Re2 Bb4 25. Rbe1 Reb7 26. Rc2 Kf8
27. h3 Rb6 28. g4 Be7 29. Ree2 g6 30. Kh1 Bd6 31. Kg1 Re8 32. Kh1 h5 33. Bf3
hxg4 34. hxg4 Be5 35. Kg2 Kg7 36. Re1 Rb4 37. e4 Rxb2 38. Rxb2 Bxc3 39. Rbe2
Bxe1 40. Rxe1 dxe4 41. Be2 Nd5 42. Bc4 Kf6 43. Kg3 Re7 44. Kh4 Ke5 45. Kg3 Rb7
46. Bd3 Nf6 47. Bc4 g5 48. Bxf7 Rxf7 49. f3 c5 50. Re2 c4 51. Re3 Rb7 52. Rc3
Ke6 53. Kf2 Ke5 54. Kg3 exf3 55. Rxf3 Rb3 {White resigns} 0-1

[Event "Team 45 45 League T92"]
[Site "Internet Chess Club"]
[Date "2022.04.24"]
[Round "2"]
[White "manfredo"]
[Black "jonesey"]
[Result "1-0"]
[WhiteElo "1563"]
[BlackElo "1868"]
[Opening "KGD: classical, 4.c3"]
[ECO "C30"]
[Time "13:06:09"]
[PlyCount "89"]
[TimeControl "2700+45"]

1. e4 e5 2. f4 Bc5 3. Nf3 d6 4. c3 Nf6 5. fxe5 dxe5 6. Nxe5 O-O 7. d4 Nxe4 8.
Qd3 Qh4+ 9. g3 Nxg3 10. Qxg3 Qe4+ 11. Kf2 Qxh1 12. Bh6 g6 13. dxc5 Re8 14. Qf4
Be6 15. Bg2 Qd1 16. Nd2 Qh5 17. Bf3 Qh3 18. Rg1 Nd7 19. Nxd7 Bxd7 20. Rg3 Qf5
21. Qxf5 Bxf5 22. h4 c6 23. h5 Re7 24. Bg5 Re6 25. h6 f6 26. Bf4 Kf7 27. Bd1 Re7
28. Nc4 g5 29. Nd6+ Kg6 30. Nxf5 Kxf5 31. Bd6 Rd7 32. Bg4+ Kg6 33. Bxd7 Kxh6 34.
Bf5 Rh8 35. Re3 b6 36. b4 bxc5 37. Bxc5 a6 38. Re6 Kg7 39. Rxc6 h5 40. Be7 Rh6
41. Rxa6 g4 42. Ra8 Kf7 43. Ra7 Ke8 44. Bc5 Kd8 45. Be3 {Black resigns} 1-0

[Event "Team 45 45 League T92"]
[Site "Internet Chess Club"]
[Date "2022.04.24"]
[Round "2"]
[White "ghowell"]
[Black "dalmata"]
[Result "1/2-1/2"]
[WhiteElo "1533"]
[BlackElo "1562"]
[Opening "French: classical, Steinitz variation"]
[ECO "C14"]
[Time "12:01:19"]
[PlyCount "67"]
[TimeControl "2700+45"]

1. e4 e6 2. d4 d5 3. Nc3 Nf6 4. Bg5 Be7 5. e5 Nfd7 6. Bxe7 Qxe7 7. f4 O-O 8. Nf3
c5 9. Nb5 Nb6 10. c3 Bd7 11. Nc7 Ba4 12. b3 Qxc7 13. bxa4 cxd4 14. Qxd4 Nc6 15.
Qe3 Nxa4 16. Bd3 Ne7 17. O-O Nxc3 18. Rfc1 Rfc8 19. Rc2 Qb6 20. Qxb6 axb6 21.
Rb2 Na4 22. Rb4 Rc3 23. Bb5 Nc5 24. a4 Rb3 25. Rxb3 Nxb3 26. Rb1 Nc5 27. g4 f5
28. gxf5 Nxf5 29. Rb4 Ne7 30. Nd4 Rf8 31. Ne2 Ng6 32. Kg2 Nh4+ 33. Kg3 Nf5+ 34.
Kf3 {Game drawn by mutual agreement} 1/2-1/2

[Event "Team 45 45 League T92"]
[Site "Internet Chess Club"]
[Date "2022.04.24"]
[Round "2"]
[White "fvafier"]
[Black "natalieH"]
[Result "1-0"]
[WhiteElo "1519"]
[BlackElo "1115"]
[Opening "Réti opening"]
[ECO "A05"]
[Time "09:09:26"]
[PlyCount "65"]
[TimeControl "2700+45"]

1. Nf3 Nf6 2. g3 e6 3. Bg2 Bc5 4. O-O O-O 5. d3 d5 6. Nbd2 b6 7. e4 Bb7 8. e5
Nfd7 9. d4 Be7 10. h4 c5 11. c3 c4 12. Re1 Nc6 13. Nf1 f6 14. exf6 Bxf6 15. Rxe6
Re8 16. Qe2 Nf8 17. Rxe8 Qxe8 18. Qxe8 Rxe8 19. Be3 Bc8 20. Ng5 h6 21. Bxd5+ Be6
22. Nxe6 Nxe6 23. Bxc6 Rd8 24. d5 Nc7 25. Rd1 Be7 26. Bf4 Ne6 27. d6 Bf6 28. d7
Nc5 29. Bc7 Rf8 30. d8=Q Bxd8 31. Rxd8 Ne6 32. Rxf8+ Nxf8 33. Bd5+ {Black
resigns} 1-0

[Event "Team 45 45 League T92"]
[Site "Internet Chess Club"]
[Date "2022.04.24"]
[Round "2"]
[White "keithuws"]
[Black "Denis240964"]
[Result "1-0"]
[WhiteElo "1209"]
[BlackElo "1373"]
[Opening "Giuoco Piano: Greco's attack"]
[ECO "C54"]
[Time "08:00:18"]
[PlyCount "83"]
[TimeControl "2700+45"]

1. e4 e5 2. Nf3 Nc6 3. Bc4 Bc5 4. c3 Nf6 5. d4 exd4 6. cxd4 Bb4+ 7. Nc3 d6 8. d5
Bxc3+ 9. bxc3 Ne5 10. Nxe5 dxe5 11. O-O O-O 12. Re1 Re8 13. Qf3 Qd6 14. a4 Qc5
15. Bb3 Bg4 16. Qg3 Bh5 17. Ba3 Qb6 18. Rab1 Qa6 19. Bc2 b6 20. Bd3 Qxa4 21. Ra1
Qd7 22. Reb1 Qg4 23. Qxg4 Bxg4 24. h3 Bh5 25. f3 Rad8 26. Bb5 Nd7 27. Bb4 a5 28.
Ba3 f6 29. d6 c5 30. Bxd7 Rxd7 31. Rxb6 Rc8 32. Rab1 Bf7 33. Rb8 Rdd8 34. Rxc8
Rxc8 35. Rb7 Be6 36. Re7 Bf7 37. d7 Rd8 38. Bxc5 a4 39. Bb6 a3 40. Bxd8 a2 41.
Re8+ Bxe8 42. dxe8=Q# {Black checkmated} 1-0

[Event "Team 45 45 League T92"]
[Site "Internet Chess Club"]
[Date "2022.04.22"]
[Round "2"]
[White "Denis240964"]
[Black "Kingofknights"]
[Result "1-0"]
[WhiteElo "1398"]
[BlackElo "1490"]
[Opening "Caro-Kann: Steinitz variation"]
[ECO "B17"]
[Time "13:00:25"]
[PlyCount "69"]
[TimeControl "2700+45"]

1. e4 c6 2. d4 d5 3. Nc3 dxe4 4. Nxe4 Nd7 5. Nf3 Ngf6 6. Ng3 e6 7. c3 Qc7 8. Bd3
Be7 9. O-O c5 10. Re1 O-O 11. Ne5 Rd8 12. Bf4 cxd4 13. cxd4 Nd5 14. Rc1 Qa5 15.
Bd2 Qb6 16. Bc3 Nxe5 17. dxe5 Nf4 18. Re3 Bc5 19. Rf3 Bxf2+ 20. Kh1 Nxd3 21.
Rxd3 Rxd3 22. Qxd3 Bxg3 23. Qxg3 Bd7 24. Rf1 Bc6 25. Bd2 Be4 26. Qf4 Bg6 27. h4
Qxb2 28. g4 Rf8 29. h5 Bd3 30. Rf2 Qxa2 31. Bb4 Qd5+ 32. Kh2 Rd8 33. Qxf7+ Kh8
34. Qf8+ Rxf8 35. Rxf8# {Black checkmated} 1-0

[Event "Team 45 45 League T92"]
[Site "Internet Chess Club"]
[Date "2022.04.24"]
[Round "2"]
[White "julesraider"]
[Black "Megasus"]
[Result "1-0"]
[WhiteElo "1630"]
[BlackElo "1535"]
[Opening "QGD semi-Slav: 5...Nd7"]
[ECO "D45"]
[Time "19:00:25"]
[PlyCount "99"]
[TimeControl "2700+45"]

1. d4 Nf6 2. c4 e6 3. Nc3 c6 4. Nf3 d5 5. e3 Nbd7 6. Be2 a6 7. O-O h6 8. b3 Bb4
9. Bb2 Rb8 10. a3 Bxc3 11. Bxc3 Ne4 12. Bb2 b5 13. Qc2 Bb7 14. Nd2 Ndf6 15. f3
Nd6 16. c5 Nf5 17. e4 Ne3 18. Qd3 Nxf1 19. Rxf1 a5 20. e5 Nh7 21. f4 Bc8 22. Qg3
Rg8 23. Bc1 g5 24. Nf3 g4 25. Bd3 Nf8 26. Nh4 h5 27. f5 Rb7 28. f6 Ng6 29. Bh6
Ra7 30. Rf2 b4 31. a4 Ba6 32. Bc2 Rd7 33. Bg7 Nf8 34. Qf4 Qc7 35. Qh6 Rd8 36.
Qxh5 Bb7 37. Qxg4 Kd7 38. Nf3 Kc8 39. h4 Kb8 40. h5 Bc8 41. h6 Ng6 42. h7 Rh8
43. Qh5 Ba6 44. Qh6 Qd7 45. Ng5 Nxe5 46. dxe5 d4 47. Bxh8 d3 48. Bd1 Qd4 49.
Nxf7 Rc8 50. Bg7 {Black resigns} 1-0

[Event "Team 45 45 League T92"]
[Site "Internet Chess Club"]
[Date "2022.04.22"]
[Round "2"]
[White "oldbookseller"]
[Black "rhayder"]
[Result "0-1"]
[WhiteElo "1003"]
[BlackElo "974"]
[Opening "King's Indian: East Indian defense"]
[ECO "A48"]
[Time "13:03:30"]
[PlyCount "50"]
[TimeControl "2700+45"]

1. d4 Nf6 2. Nf3 g6 3. e3 Bg7 4. Bd3 O-O 5. O-O d5 6. b3 Nc6 7. Bb2 Nb4 8. Nc3
Nxd3 9. Qxd3 Bf5 10. Qe2 Ne4 11. h3 Nxc3 12. Bxc3 c5 13. Ng5 e6 14. f4 h6 15.
Nf3 cxd4 16. exd4 Rc8 17. Bb2 Rxc2 18. Qe1 Rxb2 19. g4 Bd3 20. g5 Bxf1 21. Kxf1
Qc7 22. Qg3 hxg5 23. Nxg5 Bxd4 24. Qh4 Rf2+ 25. Ke1 Qc3+ {White resigns} 0-1

[Event "Team 45 45 League T92"]
[Site "Internet Chess Club"]
[Date "2022.04.23"]
[Round "2"]
[White "mongmong"]
[Black "marioseixas1992"]
[Result "1/2-1/2"]
[WhiteElo "1532"]
[BlackElo "1515"]
[Opening "King's Indian: 6.Be2"]
[ECO "E91"]
[Time "20:02:24"]
[PlyCount "56"]
[TimeControl "2700+45"]

1. d4 Nf6 2. Nf3 g6 3. c4 Bg7 4. Nc3 O-O 5. e4 d6 6. Be2 c5 7. O-O cxd4 8. Nxd4
Nc6 9. Be3 e5 10. Nxc6 bxc6 11. Qc2 Ng4 12. Bd2 f5 13. f3 Nf6 14. Bg5 f4 15.
Rad1 h6 16. Bxf6 Qxf6 17. Rd3 Rf7 18. Rfd1 Bf8 19. Bf1 g5 20. a3 h5 21. b4 g4
22. Qf2 h4 23. c5 g3 24. Qd2 gxh2+ 25. Kh1 dxc5 26. Rd8 cxb4 27. axb4 Kg7 28.
Ba6 Bb7 {Game drawn by mutual agreement} 1/2-1/2

[Event "Team 45 45 League T92"]
[Site "Internet Chess Club"]
[Date "2022.04.23"]
[Round "2"]
[White "sdcohle"]
[Black "olivermx"]
[Result "1-0"]
[WhiteElo "1343"]
[BlackElo "1287"]
[Opening "Ruy Lopez: exchange, Gligoric variation"]
[ECO "C69"]
[Time "11:04:12"]
[PlyCount "63"]
[TimeControl "2700+45"]

1. e4 e5 2. Nf3 Nc6 3. Bb5 a6 4. Bxc6 dxc6 5. O-O f6 6. d4 Bg4 7. c3 Bd6 8. h3
Bh5 9. Be3 Qd7 10. Nbd2 Ne7 11. Qb3 O-O-O 12. dxe5 Bxe5 13. Nxe5 fxe5 14. f3
Rhf8 15. Rad1 Bf7 16. Qc2 Qe6 17. b3 Ng6 18. Nc4 Qf6 19. Rxd8+ Rxd8 20. Rd1 Bxc4
21. Rxd8+ Qxd8 22. bxc4 Qh4 23. Qd2 h6 24. Bf2 Qf6 25. Qe3 b6 26. Qd3 Nf4 27.
Qd2 Qd8 28. Be3 Qxd2 29. Bxd2 Ne6 30. Kf2 g5 31. Kg3 h5 32. h4 {Black resigns}
1-0

[Event "Team 45 45 League T92"]
[Site "Internet Chess Club"]
[Date "2022.04.21"]
[Round "2"]
[White "seattleblues"]
[Black "dwmt"]
[Result "0-1"]
[WhiteElo "1247"]
[BlackElo "1200"]
[Opening "Queen's pawn: English defense"]
[ECO "A40"]
[Time "21:02:08"]
[PlyCount "60"]
[TimeControl "2700+45"]

1. d4 b6 2. e4 Bb7 3. Nc3 d6 4. Nf3 Nf6 5. Bd3 e6 6. O-O g6 7. Re1 Bg7 8. Bg5
Qd7 9. Qd2 O-O 10. Rad1 a6 11. Bh6 a5 12. h3 Ba6 13. Bxa6 Nxa6 14. e5 dxe5 15.
Nxe5 Qd6 16. Nb5 Qb4 17. Bxg7 Qxd2 18. Rxd2 Kxg7 19. Nxc7 Nxc7 20. c3 Ncd5 21.
Nc4 b5 22. Nd6 Rab8 23. f3 Rfd8 24. Ne4 Nxe4 25. fxe4 Nf6 26. b3 Rbc8 27. Rd3
Rc7 28. e5 Nd5 29. Rc1 Nf4 30. Rf3 Ne2+ {White resigns} 0-1

[Event "Team 45 45 League T92"]
[Site "Internet Chess Club"]
[Date "2022.04.23"]
[Round "2"]
[White "arconia"]
[Black "kabubi"]
[Result "1/2-1/2"]
[WhiteElo "1142"]
[BlackElo "1175"]
[Opening "Inverted Hungarian"]
[ECO "C44"]
[Time "12:00:28"]
[PlyCount "139"]
[TimeControl "2700+45"]

1. e4 e5 2. Nf3 Nc6 3. Be2 Nf6 4. Nc3 d5 5. d3 Bc5 6. Bg5 O-O 7. exd5 Ne7 8.
Nxe5 Nfxd5 9. d4 Bb6 10. Bf3 Nxc3 11. bxc3 f6 12. Bf4 fxe5 13. Bxe5 Ng6 14. Bg3
Qe8+ 15. Kf1 Qb5+ 16. Kg1 Qb2 17. h4 Qxc3 18. Bd5+ Kh8 19. h5 Ne7 20. h6 Bxd4
21. hxg7+ Bxg7 22. Rxh7+ Kxh7 23. Qh5+ Bh6 24. Be4+ Bf5 25. Bxf5+ Nxf5 26. Rd1
Rad8 27. Rxd8 Rxd8 28. Qxf5+ Kg8 29. Qe6+ Kf8 30. Qxh6+ Qg7 31. Qh4 Qa1+ 32. Kh2
Rd1 33. Qf4+ Ke8 34. Qe4+ Kd7 35. Qh7+ Kc6 36. Qxc7+ Kb5 37. c4+ Ka4 38. Kh3
Rh1+ 39. Kg4 Qxa2 40. Qd7+ Kb3 41. Qb5+ Kc2 42. Qf5+ Kc3 43. Qf3+ Kc2 44. Qe4+
Kb3 45. Qxb7+ Kc2 46. c5 Qg8+ 47. Kf3 Qf8+ 48. Kg4 Qxc5 49. Qe4+ Kb3 50. Qe3+
Qxe3 51. fxe3 Kc4 52. Kf4 Rg1 53. e4 Rxg2 54. e5 a5 55. Bh4 a4 56. e6 Re2 57.
Kf5 a3 58. e7 a2 59. Bf6 Rxe7 60. Bh8 a1=Q 61. Bxa1 Rf7+ 62. Ke5 Re7+ 63. Kd6
Ra7 64. Be5 Ra6+ 65. Ke7 Kd5 66. Bc7 Re6+ 67. Kd8 Kc6 68. Kc8 Re8+ 69. Bd8 Rxd8+
70. Kxd8 {Game drawn because neither player has mating material} 1/2-1/2